 Dungeon Crawl Stone Soup version 0.23.2-33-g5129a83184 (webtiles) character file.

Game seed: 11572003141064762623

101066 coldbreeze the Warrior (level 16, -7/244 HPs)
             Began as a Naga Gladiator on July 23, 2019.
             Was the Champion of Trog.
             Mangled by a large abomination (10 damage)
             ... created by a deep elf high priest
             ... on level 1 of the Elven Halls on July 25, 2019.
             The game lasted 01:48:25 (34733 turns).

coldbreeze the Warrior (Naga Gladiator)            Turns: 34733, Time: 01:48:26

Health: -7/244     AC: 23    Str: 34    XL:     16   Next: 29%
Magic:  19/19      EV: 17    Int: 12    God:    Trog [******]
Gold:   1622       SH:  6    Dex: 16    Spells: 15/15 levels left

rFire    + . .     SeeInvis +   a - +2 flail (protect)
rCold    . . .     Gourm    .   R - +1 buckler of Vexation {Str+3 Dex+3}
rNeg     . . .     Faith    +   h - +2 ring mail of the Five Dances {rF+ Dex+2}
rPois    +         Spirit   .   W - +2 helmet {Int+3}
rElec    .         Reflect  .   o - scarf {repulsion}
rCorr    .         Harm     .   c - +1 pair of gloves {Str+3}
MR       +++..                  (no barding)
Stlth    ..........             k - amulet of faith
HPRegen  0.50/turn              T - +4 ring of evasion
MPRegen  0.16/turn              u - ring of protection from magic

@: berserking, protection aura, repel missiles, quick
A: large, see invisible, clumsy 1, deformed body, poison resistance, slowness 2,
slow metabolism 1, spit poison 1, constrict 1, AC +5
a: Spit Poison, Berserk, Trog's Hand, Brothers in Arms, Renounce Religion


You were on level 1 of the Elven Halls.
You worshipped Trog.
Trog was exalted by your worship.
You were near starving.

You visited 5 branches of the dungeon, and saw 23 of its levels.

You collected 3029 gold pieces.
You spent 1407 gold pieces at shops.

Inventory:

Hand Weapons
 a - a +2 flail of protection (weapon)
 V - a +2 antimagic dire flail
Missiles
 d - 2 throwing nets
 e - 23 tomahawks (quivered)
 s - 7 silver javelins
 L - 11 javelins
 N - 2 needles of paralysis
 P - 12 tomahawks of returning
 X - 14 javelins of returning
Armour
 c - a +1 pair of gloves of strength (worn)
 h - the +2 ring mail of the Five Dances (worn) {rF+ Dex+2}
   (You found it on level 9 of the Dungeon)

   It affects your dexterity (+2).
   It protects you from fire.
 o - a scarf of repulsion (worn)
 z - a +0 shield of reflection
 R - the +1 buckler of Vexation (worn) {Str+3 Dex+3}
   (You bought it in a shop on level 2 of the Orcish Mines)

   It affects your strength (+3).
   It affects your dexterity (+3).
 W - a +2 helmet of intelligence (worn)
Jewellery
 i - an uncursed ring of positive energy
 k - an amulet of faith (around neck)
 r - an uncursed ring of resist corrosion
 u - a ring of protection from magic (right hand)
 x - a +4 ring of protection
 T - a +4 ring of evasion (left hand)
Wands
 b - a wand of paralysis (5)
 F - a wand of disintegration (5)
 Q - a wand of iceblast (6)
Scrolls
 n - 6 scrolls of amnesia {unknown}
 q - 2 scrolls of magic mapping
 v - a scroll of blinking
 w - 5 scrolls of immolation
 y - 11 scrolls of teleportation
 G - 4 scrolls of fear
 I - 10 scrolls of remove curse
 S - 3 scrolls of enchant armour {unknown}
 U - a scroll of holy word
 Y - 3 scrolls of enchant weapon
Potions
 j - a potion of cancellation
 l - 11 potions of curing
 p - 2 potions of magic
 t - 4 potions of mutation
 A - 2 potions of ambrosia
 B - 3 potions of lignification
 C - 2 potions of flight
 D - 2 potions of brilliance
 H - 5 potions of haste
 J - 2 potions of resistance
 K - 2 potions of heal wounds
 M - 3 potions of agility
 O - 3 potions of berserk rage
 Z - a potion of might
Miscellaneous
 g - a sack of spiders
 m - a box of beasts
Comestibles
 f - 42 rations


   Skills:
 * Level 15.4 Fighting
 - Level 14.0 Maces & Flails
 * Level 14.3 Throwing
 + Level 5.9 Armour
 + Level 6.5 Dodging
 - Level 2.4 Shields
 - Level 5.0 Evocations


You had 15 spell levels left.
You didn't know any spells.
Your spell library contained the following spells:

 Spells                   Type           Power        Failure   Level  Hunger
 Corona                   Hex            #......      41%         1    ##.....
 Slow                     Hex            #.......     54%         2    ###....
 Inner Flame              Hex/Fire       #.......     78%         3    ####...
 Portal Projectile        Hex/Tloc       #.....       78%         3    ####...
 Cause Fear               Hex            #.........   99%         4    #####..
 Leda's Liquefaction      Hex/Erth       #.........   99%         4    #####..


Dungeon Overview and Level Annotations

Branches:
Dungeon (13/15)            Temple (1/1) D:4            Lair (6/6) D:8
 Shoals (0/4) Lair:2       Spider (0/4) Lair:3        Slime (0/5) Lair:6
    Orc (2/2) D:12            Elf (1/3) Orc:2        Vaults (0/5) D:13

Altars:
Ashenzari
Cheibriados
Dithmenos
Elyvilon
Fedhas
Gozag
Hepliaklqana
Kikubaaqudgha
Makhleb
Nemelex Xobeh
Okawaru
Qazlal
Ru
Sif Muna
Trog
Uskayaw
Vehumet
Wu Jian
Xom
Yredelemnul
Zin
The Shining One
Beogh
Jiyva

Shops:
Orc:2 [[%?   Elf:1 :

Annotations:
D:6 3 runed translucent doors, Prince Ribbit; coier1's ghost, novice GnWn
Lair:2 exclusion: 2 doors
Orc:2 exclusion: door
Elf:1 2 runed translucent doors, Ceapi's ghost, journeyman HOBe


Innate Abilities, Weirdness & Mutations

You cannot wear boots.
Your serpentine skin is tough. (AC +5)
You have supernaturally acute eyesight. (SInv)
Armour fits poorly on your strangely shaped body.
Your system is resistant to poisons. (rPois)
You cover ground very slowly.
You have a slow metabolism.
You can spit poison.
You can use your snake-like lower body to constrict enemies.
You are clumsy. (Dex -2)


Message History

You are near starving!
The large abomination hits you!
* * * LOW HITPOINT WARNING * * *
You bludgeon the large abomination!!
The large abomination is moderately damaged.
You closely miss the large abomination.
The large abomination is moderately damaged.
The large abomination hits you!!
* * * LOW HITPOINT WARNING * * *
You hit the large abomination but do no damage.
The large abomination is moderately damaged.
You sock the large abomination!
The large abomination is heavily damaged.
The large abomination hits you but does no damage.
You hit the large abomination but do no damage.
The large abomination is heavily damaged.
You completely miss the large abomination.
The large abomination is heavily damaged.
The large abomination hits you!
You die...

.#.)############.#
#......... ...()#
#.# ##########
.>.)># #.# #
...).######### #.#
# .##..........#
#.# #
.###########.# #.#
# ..# #.# #.# #
..# #.###.# # #.#
#.##.@# # .##
#.##X## # ##
#.##))# # #
#.##...# #.####e#
# ### .. ######
... .......
############ ...
.######
#..........# '##.


You could see a large abomination.

Vanquished Creatures
  Rupert (D:12)
  Donald (Orc:2)
  An orc warlord (Orc:2)
  A deep elf demonologist (Elf:1)
  A fire dragon (Lair:6)
  A deep elf high priest (Elf:1)
  4 hydras
  11 two-headed ogres
  3 dancing weapons
  Nergalle (Lair:1)
  5 orc high priests
  Urug (Lair:6)
  5 death yaks
  6 deep elf knights (Elf:1)
  Pikel (D:6)
  4 deep elf archers (Elf:1)
  4 orc knights (Orc:2)
  A lindwurm (Lair:6)
  An oklob plant (Lair:4)
  2 wolf spiders (Lair:6)
  6 orc sorcerers
  A necromancer (D:13)
  A cyclops (D:13)
  25 deep elf magi
  5 elephants (Lair:5)
  A guardian serpent (Lair:6)
  2 ugly things
  11 black mambas
  5 torpor snails (Lair:6)
  14 spiny frogs
  A rime drake (Lair:2)
  12 komodo dragons
  2 kobold demonologists (D:13)
  4 tyrant leeches (Lair:6)
  11 hornets
  A polar bear (Lair:6)
  5 trolls
  Grinder (D:6)
  2 meliai zombies
  2 dream sheep (D:13)
  12 blink frogs (Lair:4)
  8 hippogriffs
  11 wyverns
  3 redbacks (Lair:6)
  An air elemental (Elf:1)
  A shadow (D:11)
  A fire elemental (Elf:1)
  Sigmund (D:2)
  29 yaks
  A wraith (D:11)
  Eustachio (D:4)
  5 basilisks
  A hungry ghost (D:8)
  A two-headed ogre zombie (D:12)
  Edmund (D:6)
  3 wargs (Orc:2)
  An acid dragon (D:13)
  26 water moccasins
  A soldier ant (D:13)
  10 porcupines
  A slave (D:6)
  A hornet zombie (D:9)
  46 orc warriors
  5 sky beasts
  4 ice beasts
  2 black bears
  3 phantoms (D:12)
  6 centaurs
  15 ogres
  7 wolves
  8 crocodiles
  9 big kobolds
  Blork the orc (D:4)
  8 bullfrogs
  A gnoll sergeant (D:13)
  A wyvern skeleton (D:12)
  7 scorpions
  3 killer bees (D:8)
  A troll zombie (D:12)
  2 vampire bats (Orc:1)
  An electric eel (Lair:2)
  5 crimson imps
  A bullfrog zombie (D:10)
  10 hounds
  4 centaur zombies
  4 jellies
  23 orc wizards
  A bullfrog skeleton (D:11)
  40 orc priests
  Crazy Yiuf (D:4)
  A centaur skeleton (D:12)
  2 iguanas
  Natasha (thrice) (D:4)
  Terence (D:2)
  12 worker ants
  6 ogre zombies (D:12)
  A hound zombie (D:3)
  A worker ant zombie (D:6)
  18 adders
  14 gnolls
  A shadow imp (D:5)
  An ooze (D:6)
  3 adder skeletons
  5 worms
  3 dart slugs
  4 leopard geckos
  141 orcs
  11 bats
  8 giant cockroaches
  6 goblins
  11 hobgoblins
  8 jackals
  31 kobolds
  8 quokkas
  A ball python (D:3)
  A frilled lizard (D:4)
  A goblin zombie (D:12)
  5 hobgoblin zombies (D:12)
  4 orc skeletons (D:12)
  15 orc zombies (D:12)
  6 rats
839 creatures vanquished.

Vanquished Creatures (collateral kills)
  A stone giant (Orc:1)
  A rakshasa (D:10)
  An orc sorcerer (Orc:1)
  A wyvern (Lair:6)
  A porcupine (Lair:2)
  A water moccasin (Lair:2)
  An ogre (Orc:1)
  3 bullfrogs (Lair:2)
  A plant (Lair:6)
11 creatures vanquished.

Vanquished Creatures (others)
  A slave (D:6)
  An electric eel (Elf:1)
  4 gnolls (D:6)
  A leopard gecko (D:6)
  2 orcs (D:6)
  32 fungi
  51 plants
92 creatures vanquished.

Grand Total: 942 creatures vanquished

Notes
Turn   | Place    | Note
-------+----------+-------------------------------------------
     0 | D:1      | coldbreeze the Naga Gladiator began the quest for the Orb.
     0 | D:1      | Reached XP level 1. HP: 19/19 MP: 1/1
   168 | D:1      | Reached XP level 2. HP: 26/26 MP: 2/2
   927 | D:1      | Reached XP level 3. HP: 10/33 MP: 3/3
  1330 | D:2      | Noticed Sigmund
  1363 | D:2      | Killed Sigmund
  1363 | D:2      | Reached skill level 4 in Fighting
  1363 | D:2      | Reached XP level 4. HP: 18/44 MP: 4/4
  1363 | D:2      | Reached XP level 5. HP: 21/50 MP: 5/5
  1574 | D:2      | Noticed Terence
  1596 | D:2      | Killed Terence
  1907 | D:2      | Reached XP level 6. HP: 39/57 MP: 6/6
  3654 | D:4      | Reached skill level 5 in Fighting
  3735 | D:4      | Noticed Natasha
  3740 | D:4      | Killed Natasha
  3740 | D:4      | Reached XP level 7. HP: 67/67 MP: 7/7
  3752 | D:4      | Noticed Blork the orc
  3763 | D:4      | Killed Blork the orc
  4142 | D:4      | Reached skill level 5 in Throwing
  4143 | D:4      | Found a bloodstained altar of Trog.
  4159 | D:4      | Became a worshipper of Trog the Wrathful
  4401 | D:4      | Noticed Natasha
  4410 | D:4      | Killed Natasha
  4455 | D:4      | Noticed Eustachio
  4480 | D:4      | Killed Eustachio
  4480 | D:4      | Reached skill level 6 in Fighting
  4483 | D:4      | Noticed Natasha
  4486 | D:4      | Reached XP level 8. HP: 69/76 MP: 8/8
  4489 | D:4      | Killed Natasha
  4610 | D:4      | Reached skill level 5 in Maces & Flails
  4777 | D:4      | Found a staircase to the Ecumenical Temple.
  4920 | D:4      | Found a runed translucent door.
  4921 | D:4      | Noticed Crazy Yiuf
  5026 | Temple   | Entered the Ecumenical Temple
  5371 | D:4      | Killed Crazy Yiuf
  5440 | D:5      | Entered Level 5 of the Dungeon
  5760 | D:5      | Reached * piety under Trog
  6096 | D:6      | Noticed Pikel
  6123 | D:6      | Killed Pikel
  6123 | D:6      | Reached skill level 7 in Fighting
  6123 | D:6      | Reached XP level 9. HP: 50/86 MP: 9/9
  6413 | D:6      | Noticed Prince Ribbit
  7024 | D:6      | Noticed Grinder
  7032 | D:6      | Killed Grinder
  7189 | D:6      | Noticed Edmund
  7201 | D:6      | Killed Edmund
  7239 | D:6      | Found a runed translucent gate.
  7239 | D:6      | Found a runed translucent gate.
  7239 | D:6      | Found a runed translucent gate.
  7618 | D:6      | Noticed coier1's ghost (novice GnWn)
  7840 | D:7      | Reached skill level 8 in Fighting
  7840 | D:7      | Reached XP level 10. HP: 73/96 MP: 10/10
  8359 | D:7      | Reached ** piety under Trog
  9514 | D:7      | Reached skill level 10 in Maces & Flails
 10167 | D:8      | Found a shimmering altar of Xom.
 10170 | D:8      | Reached *** piety under Trog
 10337 | D:7      | Reached skill level 9 in Fighting
 10416 | D:8      | Noticed a two-headed ogre
 10423 | D:8      | Killed a two-headed ogre
 10423 | D:8      | Reached XP level 11. HP: 106/106 MP: 11/11
 10655 | D:8      | Found a staircase to the Lair.
 10781 | D:8      | Got an ancient hand axe
 10782 | D:8      | Identified the cursed +1 hand axe "Uvoesod" {freeze, +Inv
                  | rElec Str+3} (You found it on level 8 of the Dungeon)
 10824 | D:8      | Found a blossoming altar of Fedhas.
 11072 | D:8      | Received a gift from Trog
 11845 | D:9      | Got a faintly glowing ring mail
 11856 | D:9      | Identified the +2 ring mail of the Five Dances {rF+ Dex+2}
                  | (You found it on level 9 of the Dungeon)
 12023 | D:9      | Reached **** piety under Trog
 12334 | D:10     | Entered Level 10 of the Dungeon
 12974 | D:10     | Noticed a rakshasa
 13441 | D:11     | Noticed a two-headed ogre
 13449 | D:11     | Killed a two-headed ogre
 13772 | D:10     | Killed a rakshasa
 13772 | D:10     | Reached skill level 10 in Fighting
 14439 | D:12     | Noticed a purple ugly thing
 14511 | D:11     | Killed a purple ugly thing
 14679 | D:12     | Received a gift from Trog
 15015 | D:12     | You fall through a shaft!
 15023 | D:13     | Reached XP level 12. HP: 116/116 MP: 12/12
 15391 | D:12     | Found a staircase to the Orcish Mines.
 15507 | D:12     | Noticed a two-headed ogre
 15521 | D:12     | Killed a two-headed ogre
 15690 | D:12     | Noticed Rupert
 15714 | D:12     | Killed Rupert
 16060 | D:13     | Noticed a two-headed ogre
 16070 | D:13     | Killed a two-headed ogre
 16105 | D:12     | Reached skill level 10 in Throwing
 16114 | D:13     | Noticed a two-headed ogre
 16126 | D:13     | Killed a two-headed ogre
 16195 | D:13     | Reached skill level 11 in Fighting
 16245 | D:13     | Received a gift from Trog
 16256 | D:13     | Gained mutation: You are clumsy. (Dex -2) [a neqoxec]
 16650 | D:13     | Received a gift from Trog
 16899 | D:13     | Noticed a three-headed hydra
 16906 | D:13     | Killed a three-headed hydra
 17479 | D:13     | Found a gate to the Vaults.
 17504 | D:13     | Gained mutation: You can use your snake-like lower body to
                  | constrict enemies. [Naga growth]
 17504 | D:13     | Reached XP level 13. HP: 106/127 MP: 13/13
 17958 | Lair:1   | Entered Level 1 of the Lair of Beasts
 18400 | Lair:1   | Reached skill level 12 in Fighting
 18728 | Lair:1   | Noticed Nergalle
 18745 | Lair:1   | Killed Nergalle
 19073 | Lair:1   | Received a gift from Trog
 20103 | Lair:2   | Found a staircase to the Shoals.
 20662 | Lair:2   | Reached ***** piety under Trog
 21234 | Lair:3   | Received a gift from Trog
 21350 | Lair:2   | Reached skill level 1 in Armour
 21507 | Lair:3   | Found a hole to the Spider Nest.
 22659 | Lair:4   | Reached skill level 13 in Fighting
 23274 | Lair:4   | Reached XP level 14. HP: 132/141 MP: 14/14
 24041 | Lair:5   | Received a gift from Trog
 24130 | Lair:5   | Reached skill level 1 in Evocations
 24699 | Lair:6   | Entered Level 6 of the Lair of Beasts
 24699 | Lair:6   | Noticed Urug
 24718 | Lair:6   | Killed Urug
 26392 | Lair:6   | Received a gift from Trog
 26757 | Lair:6   | Found a viscous altar of Jiyva.
 26757 | Lair:6   | Found a staircase to the Slime Pits.
 26978 | Lair:6   | Found a runed translucent door.
 26993 | Lair:6   | Reached skill level 14 in Fighting
 27599 | Lair:6   | Received a gift from Trog
 27840 | Lair:6   | Reached XP level 15. HP: 151/151 MP: 17/17
 27956 | Lair:6   | Reached skill level 5 in Dodging
 28336 | Lair:6   | Received a gift from Trog
 28866 | Orc:1    | Entered Level 1 of the Orcish Mines
 29210 | Orc:1    | Received a gift from Trog
 29640 | Orc:1    | Found a roughly hewn altar of Beogh.
 29812 | Orc:2    | Entered Level 2 of the Orcish Mines
 30545 | Orc:2    | Received a gift from Trog
 30574 | Orc:2    | Found a roughly hewn altar of Beogh.
 30904 | Orc:2    | Found Giyfuzeuho's Antique Armour Emporium.
 30910 | Orc:2    | Bought a heavily runed buckler for 256 gold pieces
 30910 | Orc:2    | Bought a jewelled hat for 243 gold pieces
 30915 | Orc:2    | Identified the +1 buckler of Vexation {Str+3 Dex+3} (You
                  | bought it in a shop on level 2 of the Orcish Mines)
 30925 | Orc:2    | Identified the +0 hat "Xetil" {rCorr Str+7} (You bought it
                  | in a shop on level 2 of the Orcish Mines)
 30942 | Orc:2    | Found Ethi's Armour Shoppe.
 30956 | Orc:2    | Bought a +2 helmet of intelligence for 322 gold pieces
 30956 | Orc:2    | Bought a +1 pair of gloves of strength for 247 gold pieces
 30993 | Orc:2    | Received a gift from Trog
 31241 | Orc:2    | Noticed an orc warlord
 31263 | Orc:2    | Killed an orc warlord
 31323 | Orc:2    | Noticed Donald
 31342 | Orc:2    | Killed Donald
 31342 | Orc:2    | Reached skill level 1 in Shields
 31342 | Orc:2    | Reached skill level 5 in Evocations
 31641 | Orc:2    | Paralysed by an orc sorcerer for 2 turns
 32121 | Orc:2    | Found Plog's Magic Scroll Emporium.
 32156 | Orc:2    | Bought a scroll of teleportation for 51 gold pieces
 32156 | Orc:2    | Bought a scroll of enchant weapon for 127 gold pieces
 32156 | Orc:2    | Bought a scroll of identify for 34 gold pieces
 32169 | Orc:2    | Found a roughly hewn altar of Beogh.
 32192 | Orc:2    | Reached skill level 5 in Armour
 32395 | Orc:2    | Found Apetyehu's Food Shop.
 32525 | Orc:2    | Found a staircase to the Elven Halls.
 32526 | Orc:2    | Received a gift from Trog
 32850 | Orc:2    | Bought a scroll of blinking for 127 gold pieces
 33004 | Elf:1    | Entered Level 1 of the Elven Halls
 33464 | Elf:1    | Reached skill level 15 in Fighting
 33974 | Elf:1    | Found a large runed translucent door.
 33974 | Elf:1    | Found a large runed translucent door.
 33974 | Elf:1    | Noticed Ceapi's ghost (journeyman HOBe)
 34034 | Elf:1    | Reached XP level 16. HP: 163/163 MP: 19/19
 34139 | Elf:1    | Received a gift from Trog
 34161 | Elf:1    | Reached ****** piety under Trog
 34266 | Elf:1    | Found Ocvolac's Book Boutique.
 34330 | Elf:1    | Received a gift from Trog
 34728 | Elf:1    | HP: 1/244 [large abomination[a deep elf high priest] (19)]
 34733 | Elf:1    | Mangled by a large abomination

Skill      XL: |  1  2  3  4  5  6  7  8  9 10 11 12 13 14 15 |
---------------+----------------------------------------------+-----
Throwing       | 2 3 4 5 6 7 8 9 10 12 13 14 | 14.3
Fighting       | 4 5 6 7 8 9 10 11 13 14 15 | 15.4
Maces & Flails | 4 7 9 11 12 14 | 14.0
Armour         | 2 4 5 |  5.9
Dodging        | 3 4 6 |  6.5
Evocations     | 3 5 |  5.0
Shields        | 2 |  2.4

Action                   |  1- 3 |  4- 6 |  7- 9 | 10-12 | 13-15 | 16-18 || total
-------------------------+-------+-------+-------+-------+-------+-------++-------
Melee: Flail             |    40 |   127 |   327 |  1091 |  1488 |   119 ||  3192
       Mace              |       |    14 |    47 |       |       |       ||    61
       Constrict         |       |       |       |       |   278 |    21 ||   299
 Fire: Hunting sling     |       |       |     3 |       |       |       ||     3
Throw: Stone             |    15 |    56 |    30 |    24 |       |       ||   125
       Throwing net      |     5 |       |     6 |       |     2 |       ||    13
       Tomahawk          |       |       |     5 |       |   200 |       ||   205
       Javelin           |       |       |       |       |     6 |       ||     6
Invok: Berserk           |       |       |       |     9 |    10 |     1 ||    20
       Brothers in Arms  |       |       |       |     1 |     3 |       ||     4
       Trog's Hand       |       |       |       |     2 |     1 |       ||     3
 Abil: Spit Poison       |    14 |    32 |    53 |    64 |    34 |       ||   197
Evoke: Wand              |       |       |    13 |       |       |       ||    13
  Use: Scroll            |       |     6 |     7 |     8 |    14 |       ||    35
       Potion            |       |       |     1 |     1 |       |       ||     2
 Stab: Held in net/web   |       |       |     2 |       |       |       ||     2
       Distracted        |       |       |       |       |       |     1 ||     1
  Eat: Chunk             |     1 |     8 |     8 |    33 |    30 |     2 ||    82
       Ration            |       |       |     2 |     2 |     7 |       ||    11
Armor: Leather armour    |    14 |    20 |       |       |       |       ||    34
       Ring mail         |       |    39 |   226 |   570 |   596 |    24 ||  1455
Dodge: Dodged            |    29 |    90 |   184 |   520 |   812 |    39 ||  1674
       Deflected         |       |     1 |     7 |    32 |    12 |     7 ||    59
Block: Buckler           |       |       |       |       |    44 |    24 ||    68
